AoeStats
← 1791912749

Arabian Desert

509287170Analyzed
1v1 RM · 5d ago on Sep 26, 2026· 22m 44s· 2 players
Game mode
Random Map
Map size
Tiny (2 player)
Population
200
Speed
Normal
Resources
Standard
Victory
Conquest
Starting age
Dark Age
Ending age
Imperial Age
RankedLock teamsTeams togetherTeam positionsShared explorationLock speedFull tech treeHidden civsTurbo modeCheats
Victory
Defeat
🇲🇽 Armenians · Mexico
993
+16
🇨🇳 Koreans · China
1000
-48
makoen07
5:38 Loom
11:30 Feudal Age
11:35 Man-at-Arms
12:53 Long Swordsman
17:54 Forging
18:18 Horse Collar
18:25 Double-Bit Axe
22:41 Castle Age
21:00 Scale Mail Armor
21:06 Gold Mining
22:03 Stone Mining
1791912749
11:05 Loom
13:18 Feudal Age
13:51 Horse Collar
14:02 Double-Bit Axe
16:06 Man-at-Arms
Connection lost

Rejoining the realm…

Still unreachable

The connection could not be restored.

Session expired

The server has moved on; the page needs a fresh start.